Workbook

Sheet Flusso cc
A2: Variazioni del capitale circolante
C3: Valore al tempo x-1 | D3: Valore al tempo x | E3: Varianza | F3: % Varianza
A4: Crediri verso clienti | C4: -987000 | D4: -954000 | E4: =+D4-C4 -> 33000 | F4: =IF(C4<>0,E4/C4,"") -> -0.03343465
A5: Quota ancora da fatturare | C5: -25000 | D5: -45000 | E5: =+D5-C5 -> -20000 | F5: =IF(C5<>0,E5/C5,"") -> 0.8
A6: Utilizzo fondo rischi | C6: -5000 | D6: -9000 | E6: =+D6-C6 -> -4000 | F6: =IF(C6<>0,E6/C6,"") -> 0.8
A7: Totale 1 | C7: =SUM(C4:C6) -> -1017000 | D7: =SUM(D4:D6) -> -1008000 | E7: =+D7-C7 -> 9000 | F7: =IF(C7<>0,E7/C7,"") -> -0.0088495575
A9: Magazzino mat prime | C9: -180000 | D9: -185000 | E9: =+D9-C9 -> -5000 | F9: =IF(C9<>0,E9/C9,"") -> 0.027777778
A10: Magazzino semilavorati | C10: -35000 | D10: -42000 | E10: =+D10-C10 -> -7000 | F10: =IF(C10<>0,E10/C10,"") -> 0.2
A11: Magazzino prodotti finali | C11: -87000 | D11: -190000 | E11: =+D11-C11 -> -103000 | F11: =IF(C11<>0,E11/C11,"") -> 1.183908
A12: Totale 2 | C12: =SUM(C9:C11) -> -302000 | D12: =SUM(D9:D11) -> -417000 | E12: =SUM(E9:E11) -> -115000 | F12: =IF(C12<>0,E12/C12,"") -> 0.3807947
A14: Debiti verso fornitori | C14: 770000 | D14: 870000 | E14: =+D14-C14 -> 100000 | F14: =IF(C14<>0,E14/C14,"") -> 0.12987013
A15: Fatture Fornitori non ancora ricevute | C15: 55000 | D15: 65500 | E15: =+D15-C15 -> 10500 | F15: =IF(C15<>0,E15/C15,"") -> 0.19090909
A16: Totale 3 | C16: =SUM(C14:C15) -> 825000 | D16: =SUM(D14:D15) -> 935500 | E16: =SUM(E14:E15) -> 110500 | F16: =IF(C16<>0,E16/C16,"") -> 0.13393939
A19: IVA a credito | C19: -23000 | D19: -26567 | E19: =+D19-C19 -> -3567 | F19: =IF(C19<>0,E19/C19,"") -> 0.15508696
A20: IVA a debito | C20: 55340 | D20: 78000 | E20: =+D20-C20 -> 22660 | F20: =IF(C20<>0,E20/C20,"") -> 0.40946874
A21: Totale 4 | C21: =SUM(C19:C20) -> 32340 | D21: =SUM(D19:D20) -> 51433 | E21: =SUM(E19:E20) -> 19093 | F21: =IF(C21<>0,E21/C21,"") -> 0.59038343
A23: Note
A24: A un aumento di crediti e magazzino, si riduce la liquidità (ecco perché crediti e magazzino vengono indicati con segno meno
A25: A un aumento delle passiviità aumenta la liquidità.

Sheet Riepilogo
A5: Riepilogo voci circolante
B6: Valore al tempo x-1 | C6: Valore al tempo x | D6: Varianza | E6: % Varianza
A7: Crditi vs clienti | B7: =+'Flusso cc'!C7 -> -1017000 | C7: =+'Flusso cc'!D7 -> -1008000 | D7: =+C7-B7 -> 9000 | E7: =+D7/B7 -> -0.0088495575
A8: Magazzino | B8: =+'Flusso cc'!C12 -> -302000 | C8: =+'Flusso cc'!D12 -> -417000 | D8: =+C8-B8 -> -115000 | E8: =+D8/B8 -> 0.3807947 | F8: La forte crescita del magazzino ha assorbito liquidità
A9: Debiti vs fornitori | B9: =+'Flusso cc'!C16 -> 825000 | C9: =+'Flusso cc'!D16 -> 935500 | D9: =+C9-B9 -> 110500 | E9: =+D9/B9 -> 0.13393939 | F9: La crescita dei debiti vs fornitori ha aumentato liquidità
A10: Iva | B10: =+'Flusso cc'!C21 -> 32340 | C10: =+'Flusso cc'!D21 -> 51433 | D10: =+C10-B10 -> 19093 | E10: =+D10/B10 -> 0.59038343
A11: Totale | B11: =+B7+B8+B9+B10 -> -461660 | C11: =+C7+C8+C9+C10 -> -438067 | D11: =+D7+D8+D9+D10 -> 23593 | E11: =+D11/B11 -> -0.051104709
